 Dungeon Crawl Stone Soup version 0.27.1-4-g1640c2035a (webtiles) character file.

Game seed: 2278250735592335228

218 MisterFreud the Chopper (level 5, 0/44 (45) HPs)
             Began as a Hill Orc Abyssal Knight on Nov 2, 2021.
             Was a Priest of Lugonu.
             Slain by Crazy Yiuf (9 damage)
             ... on level 3 of the Dungeon.
             The game lasted 00:03:01 (3757 turns).

MisterFreud the Chopper (Hill Orc Abyssal Knight)   Turns: 3757, Time: 00:03:01

HP:   0/44 (45)     AC:  7    Str: 16    XL:     5   Next: 95%
MP:   6/6           EV:  9    Int: 12    God:    Lugonu [***...]
Gold: 108           SH:  0    Dex: 10    Spells: 4/4 levels left

rFire    . . .     SeeInvis .   q - +0 war axe
rCold    . . .     Faith    .   (no shield)
rNeg     . . .     Spirit   .   j - +0 scale mail
rPois    .         Reflect  .   k - +0 helmet
rElec    .         Harm     .   (no cloak)
rCorr    .         Rampage  .   (no gloves)
Will     .....                  (no boots)
Stlth    ..........             (no amulet)
HPRegen  0.14/turn              l - ring of wizardry
MPRegen  0.10/turn              (no ring)

@: confused, ambrosia-drunk, lightly drained
A: no striking features
a: Renounce Religion, Depart the Abyss, Bend Space, Banish


You were on level 3 of the Dungeon.
You worshipped Lugonu.
Lugonu was most pleased with you.
You visited 1 branch of the dungeon, and saw 3 of its levels.
You visited the Abyss 1 time.

You collected 108 gold pieces.

Inventory:

Hand Weapons
 a - a +1 hand axe
 q - a +0 war axe (weapon)
Missiles
 r - 6 boomerangs of dispersal
Armour
 b - a +0 leather armour
 j - a +0 scale mail (worn)
 k - a +0 helmet (worn)
Jewellery
 l - a ring of wizardry (left hand)
Scrolls
 g - a scroll of identify {unknown}
 m - a scroll of enchant weapon {unknown}
 n - a scroll of enchant armour {unknown}
 p - a scroll of fear {unknown}
 s - a scroll of blinking {unknown}
Potions
 c - a potion of ambrosia
 d - a potion of berserk rage {unknown}
 e - a potion of curing {unknown}
 f - a potion of lignification {unknown}
 h - a potion of attraction {unknown}
 i - a potion of might {unknown}
 o - a potion of brilliance {unknown}


   Skills:
 - Level 3.6 Fighting
 + Level 7.9 Axes
 - Level 2.1 Armour
 - Level 0.7 Dodging
 - Level 2.4 Invocations


You had 4 spell levels left.
You didn't know any spells.
Your spell library contained the following spells:

 Spells                   Type           Power      Damage    Failure   Level
 Static Discharge         Conj/Air       0%         N/A       56%         2
 Sublimation of Blood     Necr           0%         N/A       56%         2
 Wereblood                Tmut           0%         N/A       56%         2
 Lightning Bolt           Conj/Air       0%         1d11      100%        5
 Summon Hydra             Summ           0%         N/A       100%        7
 Maxwell's Capacitive Co  Air            0%         ∞         100%        8


Dungeon Overview and Level Annotations

Branches:
Dungeon (3/15)

Altars:
Okawaru

Annotations:
D:3 Crazy Yiuf


Message History

You see here a +0 falchion.
You see here a +0 falchion.
Found a stone staircase leading down.
No target in view!
Found a mace.
Found a runed translucent door.
No target in view!
Crazy Yiuf shouts!
Could not explore, unopened runed door.
No reachable target in view!
You open the door.
Your scale mail prevents you from hitting Crazy Yiuf.
Crazy Yiuf barely misses you.
Your scale mail prevents you from hitting Crazy Yiuf.
Crazy Yiuf hits you with a +4 quarterstaff of chaos!
Crazy Yiuf burns you.
You closely miss Crazy Yiuf. Crazy Yiuf barely misses you.
You slash Crazy Yiuf!
Crazy Yiuf is heavily wounded.
Crazy Yiuf barely misses you.
Crazy Yiuf hits you with a +4 quarterstaff of chaos.
You feel drained.
You closely miss Crazy Yiuf.
Crazy Yiuf is heavily wounded.
Crazy Yiuf barely misses you.
You closely miss Crazy Yiuf.
Crazy Yiuf is heavily wounded.
Crazy Yiuf hits you with a +4 quarterstaff of chaos!
Crazy Yiuf burns you.
You hit Crazy Yiuf but do no damage.
Crazy Yiuf is heavily wounded.
Crazy Yiuf says, "Iron snockshim childish!"
Crazy Yiuf hits you with a +4 quarterstaff of chaos!
* * * LOW HITPOINT WARNING * * *
Crazy Yiuf freezes you.
* * * LOW HITPOINT WARNING * * *
It was a potion of ambrosia.
You are confused.
You feel invigorated.
Crazy Yiuf hits you with a +4 quarterstaff of chaos!
You die...

#......................###.
#..........##..........# #.
#.........###..........# ##
#.######### ######.....####
#.# #.........
#####.##♣♣♣♣♣ #..#######
##>.....#..♣.♣♣♣ ### ####
##. ##..###......♣..♣#...#
########..
#...........♣♣♣♣@g...#
#......... #######..#.♣♣
♣♣#..)# ########## ####♣♣
###


You could see Crazy Yiuf.

Vanquished Creatures
  A water moccasin skeleton (D:3)
  A centaur skeleton (D:3)
  Robin (D:2)
  2 adders
  3 dart slugs
  8 orcs (D:3)
  10 ball pythons
  6 bats
  3 endoplasms
  4 giant cockroaches
  16 goblins
  8 hobgoblins
  4 jackals (D:1)
  5 quokkas
  7 frilled lizards
  9 kobolds
  3 rats
91 creatures vanquished.

Notes
Turn   | Place    | Note
-------+----------+-------------------------------------------
     0 | Abyss:1  | MisterFreud the Hill Orc Abyssal Knight began the quest for
                  | the Orb.
     0 | Abyss:1  | Reached XP level 1. HP: 19/19 MP: 2/2
    22 | D:1      | Escaped the Abyss
    49 | D:1      | Reached skill level 3 in Axes
    59 | D:1      | Reached XP level 2. HP: 21/26 MP: 3/3
   153 | D:1      | Reached skill level 4 in Axes
   644 | D:1      | Reached XP level 3. HP: 25/31 MP: 4/4
   649 | D:1      | Reached ** piety under Lugonu
  1015 | D:1      | Reached skill level 5 in Axes
  1933 | D:2      | Reached XP level 4. HP: 37/39 MP: 5/5
  2124 | D:2      | Noticed Robin
  2151 | D:2      | Reached skill level 6 in Axes
  2161 | D:2      | Killed Robin
  2450 | D:2      | Reached *** piety under Lugonu
  2882 | D:3      | Reached XP level 5. HP: 27/45 MP: 6/6
  3236 | D:3      | Reached skill level 7 in Axes
  3621 | D:3      | Found an iron altar of Okawaru.
  3687 | D:3      | Found a runed translucent door.
  3688 | D:3      | Noticed Crazy Yiuf
  3757 | D:3      | Slain by Crazy Yiuf

Illustrated notes

Levels and vault maps discovered:
D:1:      giann_horns, layout_basic
D:2:      layout_loops_corners, hangedman_decor_points, minmay_ruptured,
          uniq_robin
D:3:      layout_rooms, marbit_many_paths, uniq_crazy_yiuf_cottage

Skill      XL: |  1  2  3  4  5 |
---------------+----------------+-----
Axes           | 3 4 5 6 7 |  7.9
Fighting       | |  3.6
Armour         | |  2.1
Dodging        | |  0.7
Invocations    | |  2.4

Action                   |  1- 3 |  4- 6 || total
-------------------------+-------+-------++-------
Melee: Hand axe          |   113 |   115 ||   228
       War axe           |       |    34 ||    34
  Use: Potion            |       |     1 ||     1
Armor: Leather armour    |    35 |       ||    35
       Scale mail        |       |    67 ||    67
Dodge: Dodged            |    79 |    73 ||   152
